AoeStats
← sada-aki

African Clearing

510711715Analyzed
4v4 RM · 22h ago on Oct 2, 2026· 32m 30s· 8 players
Game mode
Random Map
Map size
Large (8 player)
Population
200
Speed
Normal
Resources
Standard
Victory
Conquest
Starting age
Dark Age
Ending age
Imperial Age
RankedLock teamsTeams togetherTeam positionsShared explorationLock speedFull tech treeHidden civsTurbo modeCheats
Victory
Defeat
🇨🇳 Spanish · China
1307
+12
🇩🇪 Burgundians · Germany
1210
+16
🇩🇪 Britons · Germany
1201
+16
🇲🇽 Persians · Mexico
1198
+16
🇧🇩 Varangians · Bangladesh
1262
-16
🇨🇳 Maya · China
1213
-15
🇯🇵 Britons · Japan
1199
-15
🇧🇩 Vietnamese · Bangladesh
1171
-14
sada-aki
7:01 Loom
14:27 Feudal Age
15:02 Double-Bit Axe
19:19 Castle Age
18:27 Stone Mining
20:17 Bow Saw
24:03 Fletching
24:14 Padded Archer Armor
26:09 Bodkin Arrow
27:03 Crossbowman
tugou
7:31 Loom
14:31 Feudal Age
18:31 Castle Age
16:57 Double-Bit Axe
16:55 Fishing Lines
19:49 Gillnets
20:13 Bow Saw
23:25 Wheelbarrow
22:36 Town Watch
23:22 Horse Collar
30:07 Imperial Age
28:07 Scale Mail Armor
28:17 Forging
29:55 Chain Mail Armor
30:29 Iron Casting
30:21 Eagle Warrior
31:02 Squires
30:48 Arson
30:51 Pikeman
31:56 Hand Cart
32:14 Elite Eagle Warrior
Aeros
4:19 Loom
13:06 Feudal Age
13:36 Double-Bit Axe
15:38 Fletching
24:45 Castle Age
LEGEND00007
13:21 Loom
16:39 Feudal Age
17:24 Double-Bit Axe
22:44 Fletching
Mr.Rol3ot
3:51 Loom
14:12 Feudal Age
18:31 Castle Age
16:19 Double-Bit Axe
17:16 Gold Mining
17:39 Scale Barding Armor
17:45 Forging
17:48 Bloodlines
19:36 Chain Barding Armor
23:18 Bow Saw
28:41 Horse Collar
30:51 Wheelbarrow
30:57 Iron Casting
32:05 Heavy Plow
32:33 Hand Cart
Paarradisel
6:17 Loom
7:47 Double-Bit Axe
13:26 Feudal Age
19:17 Castle Age
17:33 Bow Saw
17:22 Horse Collar
18:22 Gold Mining
25:15 Scale Mail Armor
25:51 Fletching
29:31 Heavy Plow
30:47 Cavalier
31:28 Husbandry
Holako
3:14 Loom
13:59 Feudal Age
14:36 Double-Bit Axe
19:58 Gold Mining
20:31 Horse Collar
23:05 Castle Age
23:08 Crossbowman
23:53 Fletching
24:05 Padded Archer Armor
24:48 Bodkin Arrow
26:33 Bow Saw
31:10 Ballistics
31:07 Leather Archer Armor
32:14 Wheelbarrow
_XD_XiaoXiao
6:28 Loom
14:06 Feudal Age
15:13 Double-Bit Axe
17:30 Castle Age
15:22 Stone Mining
16:43 Horse Collar
27:57 Wheelbarrow
27:34 Bow Saw
28:03 Fletching
30:09 Padded Archer Armor
30:11 Town Watch
30:28 Heavy Plow
31:17 Leather Archer Armor
31:10 Husbandry
31:21 Bloodlines
32:27 Hand Cart
Connection lost

Rejoining the realm…

Still unreachable

The connection could not be restored.

Session expired

The server has moved on; the page needs a fresh start.